AoeStats
← douglasvcf9t

Arena

504602995Analyzed
3v3 RM · 28d ago on Sep 5, 2026· 54m 14s· 6 players
Game mode
Random Map
Map size
Normal (6 player)
Population
200
Speed
Normal
Resources
Standard
Victory
Conquest
Starting age
Dark Age
Ending age
Imperial Age
RankedLock teamsTeams togetherTeam positionsShared explorationLock speedFull tech treeHidden civsTurbo modeCheats
Victory
Defeat
🇨🇴 Saracens · Colombia
856
+16
🇩🇪 Japanese · Germany
823
+17
🇪🇨 Bohemians · Ecuador
821
+17
🇩🇪 Inca · Germany
929
-20
🇩🇪 Tupi · Germany
928
-20
686
-10
[DasRotePferd] Sintho
8:30 Loom
10:42 Feudal Age
11:07 Town Watch
12:00 Wheelbarrow
11:23 Horse Collar
11:33 Double-Bit Axe
14:00 Gold Mining
14:01 Stone Mining
19:44 Fletching
22:08 Castle Age
21:08 Forging
23:11 Heavy Plow
23:24 Bow Saw
23:59 Stone Mining
26:15 Iron Casting
25:46 Squires
26:18 Scale Mail Armor
30:14 Hand Cart
31:06 Guard Tower
31:37 Bodkin Arrow
32:18 Padded Archer Armor
32:47 Champi Runner
33:47 Chain Mail Armor
34:17 Ballistics
35:34 Gold Shaft Mining
34:23 Champi Warrior
38:05 Town Patrol
38:42 Caciques
43:37 Imperial Age
41:31 Leather Archer Armor
44:58 Hoardings
43:43 Elite Blackwood Archer
44:50 Curare
44:47 Bracer
46:34 Two-Man Saw
47:26 Elite Champi Warrior
49:14 Chemistry
48:57 Ring Archer Armor
48:57 Plate Mail Armor
50:45 Keep
[DasRotePferd] Melkfett Jizzus
5:24 Wheelbarrow
8:49 Double-Bit Axe
9:33 Loom
13:27 Feudal Age
12:42 Gold Mining
14:23 Bow Saw
13:56 Horse Collar
14:37 Hand Cart
15:26 Gold Shaft Mining
15:53 Heavy Plow
23:23 Stone Mining
28:06 Castle Age
35:11 Crop Rotation
47:39 Forging
47:30 Scale Mail Armor
47:35 Scale Barding Armor
47:21 Fletching
47:32 Padded Archer Armor
48:20 Husbandry
47:43 Light Cavalry
49:27 Iron Casting
schaad.l
10:42 Feudal Age
12:04 Horse Collar
12:12 Double-Bit Axe
17:51 Wheelbarrow
17:02 Loom
17:08 Loom
17:56 Forging
17:47 Scale Mail Armor
17:27 Champi Runner
18:20 Gold Mining
18:22 Stone Mining
22:34 Castle Age
25:17 Bow Saw
28:52 Elite Skirmisher
29:46 Thumb Ring
30:11 Heavy Plow
30:51 Gold Shaft Mining
30:20 Padded Archer Armor
30:11 Fletching
31:20 Pikeman
32:01 Squires
34:57 Imperial Age
39:06 Imperial Age
47:40 Stone Shaft Mining
SneakyTea
12:25 Feudal Age
18:00 Castle Age
16:17 Double-Bit Axe
16:13 Horse Collar
17:50 Wheelbarrow
17:00 Loom
19:29 Bow Saw
19:20 Heavy Plow
21:01 Hand Cart
28:54 Imperial Age
26:28 Gold Mining
26:29 Stone Mining
29:19 Gold Shaft Mining
29:03 Treadmill Crane
30:38 Kataparuto
30:42 Conscription
30:32 Scale Mail Armor
30:42 Forging
31:17 Squires
31:04 Arson
30:47 Pikeman
32:15 Siege Engineers
31:52 Halberdier
35:32 Two-Man Saw
36:46 Elite Samurai
45:36 Chain Mail Armor
45:56 Iron Casting
TWOB
6:19 Loom
11:32 Feudal Age
18:23 Castle Age
18:48 Bloodlines
19:02 Forging
22:19 Iron Casting
21:13 Light Cavalry
25:30 Wheelbarrow
25:24 Horse Collar
25:39 Double-Bit Axe
37:53 Imperial Age
35:29 Gold Mining
35:41 Heavy Plow
35:53 Bow Saw
35:37 Stone Mining
36:14 Scale Barding Armor
36:16 Husbandry
36:04 Arson
36:20 Squires
36:05 Gambesons
37:57 Chain Barding Armor
39:30 Elite Mameluke
40:30 Conscription
41:16 Plate Barding Armor
42:34 Counterweights
42:41 Bimaristan
42:07 Onager
46:08 Hand Cart
45:41 Town Watch
47:43 Caravan
50:46 Spies/Treason
51:49 Town Patrol
53:32 Gold Shaft Mining
53:59 Hoardings
douglasvcf9t
11:03 Feudal Age
12:36 Double-Bit Axe
17:24 Castle Age
17:09 Man-at-Arms
17:35 Arson
18:29 Forging
20:05 Iron Casting
20:48 Fletching
21:38 Long Swordsman
28:02 Scale Mail Armor
29:16 Double-Bit Axe
31:55 Wagenburg Tactics
35:14 Bodkin Arrow
35:36 Chain Mail Armor
35:41 Town Watch
37:18 Fortified Wall
39:45 Ballistics
40:28 Squires
40:10 Horse Collar
40:47 Bow Saw
40:21 Treadmill Crane
42:17 Pikeman
44:43 Wheelbarrow
45:00 Heavy Plow
45:07 Murder Holes
52:31 Chemistry
54:04 Imperial Age
51:52 Hand Cart
51:38 Town Patrol
51:41 Loom
55:09 Conscription
54:09 Elite Hussite Wagon
Connection lost

Rejoining the realm…

Still unreachable

The connection could not be restored.

Session expired

The server has moved on; the page needs a fresh start.